AoeStats
← Shutokayte

Black Forest

507923083Analyzed
4v4 RM · 11d ago on Sep 20, 2026· 34m 12s· 8 players
Game mode
Random Map
Map size
Large (8 player)
Population
200
Speed
Normal
Resources
Standard
Victory
Conquest
Starting age
Dark Age
Ending age
Imperial Age
RankedLock teamsTeams togetherTeam positionsShared explorationLock speedFull tech treeHidden civsTurbo modeCheats
Victory
Defeat
🇮🇩 Goths · Indonesia
921
+4
🇫🇷 Burgundians · France
864
+6
🇺🇸 Britons · United States
805
+7
🇮🇹 Mongols · Italy
538
+16
🇨🇳 Ethiopians · China
677
-12
🇨🇳 Cumans · China
628
-9
🇨🇳 Turks · China
525
-6
🇨🇳 Persians · China
509
-6
暗夜惜黎
799787627
0:35 Loom
14:19 Feudal Age
23:39 Castle Age
811731154
0:29 Loom
10:27 Feudal Age
16:44 Castle Age
17:57 Double-Bit Axe
27:47 Pikeman
32:52 Bow Saw
33:14 Devotion
33:10 Stone Mining
33:10 Gold Mining
用心感化少女
Levreap
12:10 Feudal Age
13:57 Double-Bit Axe
17:30 Castle Age
15:42 Horse Collar
19:54 Wheelbarrow
20:07 Bow Saw
20:01 Heavy Plow
24:48 Hand Cart
25:00 Loom
25:27 Gold Mining
30:25 Caravan
30:31 Town Watch
30:55 Scale Mail Armor
31:10 Forging
31:28 Stone Mining
31:57 Town Patrol
32:32 Chain Mail Armor
35:52 Imperial Age
33:27 Anarchy
SHEEP STEALER
1:19 Loom
11:01 Feudal Age
11:36 Double-Bit Axe
17:56 Castle Age
16:01 Horse Collar
16:46 Gold Mining
18:51 Bow Saw
19:36 Stone Mining
23:00 Fletching
31:56 Wheelbarrow
35:18 Imperial Age
33:29 Ballistics
32:39 Crossbowman
34:44 Masonry
lavive3113
10:35 Feudal Age
10:13 Double-Bit Axe
11:10 Horse Collar
11:43 Bow Saw
12:29 Loom
13:00 Heavy Plow
16:28 Wheelbarrow
18:02 Hand Cart
18:12 Gold Mining
21:02 Castle Age
20:25 Gold Shaft Mining
20:54 Stone Mining
22:27 Crop Rotation
23:00 Two-Man Saw
25:58 Stone Shaft Mining
26:00 Caravan
33:07 Imperial Age
30:37 Treadmill Crane
30:49 Guard Tower
31:19 Ballistics
31:10 Fortified Wall
32:45 Burgundian Vineyards
32:44 Town Watch
34:13 Town Patrol
35:27 Chemistry
34:15 Arrowslits
35:07 Keep
34:43 Masonry
34:28 Murder Holes
Shutokayte
0:46 Loom
14:34 Feudal Age
15:38 Double-Bit Axe
15:38 Horse Collar
22:11 Stone Mining
26:27 Castle Age
25:11 Gold Mining
27:08 Caravan
27:40 Bow Saw
27:36 Heavy Plow
28:17 Gold Shaft Mining
28:23 Stone Shaft Mining
30:10 Wheelbarrow
29:57 Fletching
30:08 Padded Archer Armor
30:19 Forging
30:15 Scale Barding Armor
33:53 Imperial Age
31:18 Fishing Lines
32:43 Husbandry
32:56 Bloodlines
33:22 Bodkin Arrow
33:43 Leather Archer Armor
Connection lost

Rejoining the realm…

Still unreachable

The connection could not be restored.

Session expired

The server has moved on; the page needs a fresh start.